 Dungeon Crawl Stone Soup version 0.30.0-11-gf55b779eaf (webtiles) character file.

Game seed: 2397144738773283238

27425 Chodeload the Fighter (level 12, -8/110 HPs)
             Began as a Demigod Wanderer on May 16, 2023.
             Mangled by a small abomination (16 damage)
             ... on level 2 of the Abyss on May 17, 2023.
             The game lasted 01:13:09 (13636 turns).

Chodeload the Fighter (Demigod Wanderer)           Turns: 13636, Time: 01:13:09

Health: -8/110     AC:  7    Str: 10    XL:     12   Next: 68%
Magic:  25/25      EV: 12    Int: 44    God:
Gold:   619        SH:  0    Dex: 14    Spells: 4/23 levels left

rFire   + . .        b - staff of fire
rCold   . . .        (no shield)
rNeg    + + .        w - +1 leather armour of Hepliaklqana's Fury {rN++}
rPois   .            R - +1 hat
rElec   .            f - +0 cloak
rCorr   .            (no gloves)
SInv    .            n - +0 pair of boots
Will    +....        v - amulet of magic regeneration
Stlth   ++           h - +6 ring of intelligence
HPRegen 0.38/turn    E - +6 ring of intelligence
MPRegen 0.59/turn

%: no passive effects
@: hasted, invisible, very quick
A: high MP 1, forlorn, divine attributes
a: no special abilities


You were on level 2 of the Abyss.
You visited 3 branches of the dungeon, and saw 15 of its levels.
You visited the Abyss 1 time.
You also visited: Ossuary and Volcano.

You collected 619 gold pieces.

Inventory:

Hand Weapons
 a - a +2 flail of protection
Missiles
 t - a boomerang of dispersal (quivered)
Armour
 f - a +0 cloak (worn)
 n - a +0 pair of boots (worn)
 w - the +1 leather armour of Hepliaklqana's Fury (worn) {rN++}
   (You found it on level 3 of the Dungeon)

   rN:        It greatly protects you from negative energy.
 R - a +1 hat (worn)
Magical Staves
 b - a staff of fire (weapon)
Jewellery
 h - a +6 ring of intelligence (left hand)
 v - an amulet of magic regeneration (around neck)
 E - a +6 ring of intelligence (right hand)
 M - a ring of fire
 S - a ring of willpower
Wands
 u - a wand of iceblast (8)
 x - a wand of digging (7)
 z - a wand of paralysis (31)
 T - a wand of polymorph (8)
Scrolls
 d - a scroll of brand weapon
 e - 4 scrolls of magic mapping
 m - 5 scrolls of enchant weapon
 q - 4 scrolls of fog
 A - a scroll of blinking {unknown}
 G - 2 scrolls of amnesia {unknown}
 N - 2 scrolls of enchant armour {unknown}
 P - a scroll of vulnerability
 Q - 3 scrolls of immolation
Potions
 c - 2 potions of ambrosia {unknown}
 i - 4 potions of mutation
 j - 3 potions of attraction
 k - 7 potions of curing
 l - 4 potions of lignification
 o - 2 potions of invisibility
 r - 5 potions of heal wounds
 s - 5 potions of haste
 D - 2 potions of cancellation {unknown}
 H - a potion of flight {unknown}
 J - 3 potions of might
 K - a potion of brilliance {unknown}
 L - 3 potions of magic
 O - 3 potions of berserk rage


   Skills:
 + Level 11.1 Fighting
 - Level 1.0 Throwing
 - Level 3.0 Armour
 - Level 3.0 Dodging
 - Level 1.7 Stealth
 - Level 6.0 Spellcasting
 - Level 11.0 Conjurations
 - Level 5.0 Translocations
 - Level 5.0 Fire Magic
 - Level 6.0 Ice Magic
 - Level 6.0 Air Magic
 - Level 1.0 Evocations


You had 4 spell levels left.
You knew the following spells:

 Your Spells              Type           Power      Damage    Failure   Level
a - Foxfire               Conj/Fire      100%       2x1d9     1%          1
b - Shock                 Conj/Air       100%       1d9       1%          1
c - Iskenderun's Mystic   Conj/Tloc      70%        2d14      1%          4
d - Volatile Blastmotes   Fire/Tloc      100%       2d18      1%          3
e - Freezing Cloud        Conj/Ice/Air   34%        6-21      3%          5
f - Irradiate             Conj/Tmut      28%        3d21      8%          5

Your spell library contained the following spells:

 Spells                   Type           Power      Damage    Failure   Level
 Kiss of Death            Conj/Necr      100%       2d13      1%          1
 Magic Dart               Conj           100%       1d8       1%          1
 Ensorcelled Hibernation  Hex/Ice        78%        N/A       1%          2
 Poisonous Vapours        Pois/Air       78%        N/A       1%          2
 Mephitic Cloud           Conj/Pois/Air  58%        N/A       1%          3
 Vhi's Electric Charge    Tloc/Air       100%       N/A       1%          3
 Summon Small Mammal      Summ           52%        N/A       2%          1
 Fulminant Prism          Conj/Hex       28%        3d13      2%          4
 Call Imp                 Summ           26%        N/A       4%          2
 Sublimation of Blood     Necr           13%        N/A       4%          2
 Ignite Poison            Fire/Tmut/Pois 41%        N/A       4%          3
 Call Canine Familiar     Summ           13%        N/A       8%          3
 Confusing Touch          Hex            13%        N/A       8%          3
 Spider Form              Tmut/Pois      13%        N/A       8%          3
 Summon Guardian Golem    Hex/Summ       13%        N/A       8%          3
 Summon Lightning Spire   Summ/Air       39%        N/A       8%          4
 Anguish                  Hex/Necr       6%         N/A       26%         4
 Animate Dead             Necr           13%        N/A       26%         4
 Dispel Undead            Necr           13%        3d9       26%         4
 Petrify                  Tmut/Erth      13%        N/A       26%         4
 Arcjolt                  Conj/Air       36%        1d46      2%          5
 Lee's Rapid Deconstruct  Erth           6%         3d6*      58%         5
 Haunt                    Necr/Summ      6%         N/A       100%        7
 Infestation              Necr           6%         N/A       100%        8
 Maxwell's Capacitive Co  Air            30%        ∞         100%        8


Dungeon Overview and Level Annotations

Branches:
Dungeon (10/15)            Temple (1/1) D:6            Lair (4/5) D:8
  Snake (0/4) Lair:2      Ossuary (visited)         Volcano (visited)
  Swamp: Lair:2-3    Shoals: Lair:2-3     Slime: Lair:4-5       Orc: D:9-12

Shops:
D:7 [

Annotations:
D:2 exclusion: downstairs
D:5 exclusion: 2 downstairs
D:8 3 runed translucent doors, exclusion: 3 doors
D:10 2 runed translucent doors
Lair:1 exclusion: downstairs
Lair:2 exclusion: 2 downstairs


Innate Abilities, Weirdness & Mutations

You have an increased reservoir of magic. (+10% MP)
You shall have no god before yourself.
Your divine heritage dramatically boosts your attributes as you level up.


Message History

A large abomination comes into view.
The large abomination hits you.
The iron imp shouts!
A sky beast comes into view.
A starcursed mass comes into view.
The iron imp laughs crazily.
A small abomination comes into view.
A purple very ugly thing comes into view.
The purple very ugly thing gurgles horribly!
You hear a horrible gurgling sound!
A small abomination comes into view.
Okay, then.
You feel yourself speed up.
A purple very ugly thing comes into view.
The purple very ugly thing headbutts you!!
The purple very ugly thing gurgles horribly!
The small abomination hits you!!
As you read the scroll of fear, it crumbles to dust.
You assume a fearsome visage.
The small abomination is unaffected.
The iron imp looks frightened!
The small abomination is unaffected.
The purple very ugly thing looks frightened! x2
The small abomination closely misses you.
The small abomination hits you!
* * * LOW HITPOINT WARNING * * *
A purple ugly thing comes into view.
The purple ugly thing gurgles horribly!
The small abomination closely misses you.
The small abomination hits you!
* * * LOW HITPOINT WARNING * * *
The small abomination hits you!
* * * LOW HITPOINT WARNING * * *
Okay, then.
Okay, then.
Press: ? - help, v - describe, . - travel
Here: a small abomination The floor.
You fade into invisibility!
The small abomination completely misses you.
The small abomination hits you!
You die...

.. .# .u ##
.# #.# #.#
.. # . ..# .
#.# . ###u#
# #. #.
###xx## . ##
.##.#...#@.#
. #.##
##..#####..#
.##.# #.5..#
u# #
..##...#...#
# #.#
.###### 5
##...# #
#...# .. #
#.#.. .# #
#.##.. ###
##


You could see 2 very ugly things, a purple ugly thing (unable to see you) and 2
small abominations.

Vanquished Creatures
  3 hydras
  A catoblepas (Lair:3)
  2 skysharks
  Amaemon (Lair:3)
  Pikel (D:8)
  2 bog bodies (Lair:3)
  A deep elf zephyrmancer (D:9)
  A deep elf pyromancer (D:9)
  A lindwurm (Lair:4)
  An oklob plant (Lair:3)
  A salamander (Lair:2)
  3 black mambas
  An orange demon (Lair:3)
  4 cane toads
  An unseen horror (D:10)
  4 rime drakes
  Psyche (D:8)
  7 komodo dragons
  A troll (D:10)
  A polar bear (Lair:3)
  4 blink frogs (Lair:4)
  2 hornets
  Prince Ribbit (D:8)
  A shadow (D:6)
  A wraith (Ossuary)
  6 wyverns
  35 yaks
  2 basilisks
  3 steam dragons
  12 water moccasins
  2 orc warriors
  A swamp drake (D:9)
  3 black bears
  An ice beast (D:7)
  3 ogres
  A wolf (D:7)
  5 centaurs
  A lemure (D:8)
  3 kobold brigands
  7 bullfrogs
  6 necrophages (Lair:3)
  6 scorpions
  3 wights (D:8)
  6 killer bees (D:9)
  An electric eel (D:7)
  2 vampire bats (D:7)
  4 howler monkeys
  A crimson imp (D:9)
  5 lava snakes
  6 orc priests
  2 hounds
  A jelly (Abyss:2)
  An iron imp (D:9)
  2 sleepcaps
  3 iguanas
  7 orc wizards
  A mummy (Ossuary)
  7 gnolls (D:2)
  3 adders
  2 shadow imps
  3 white imps
  2 worms
  2 dart slugs
  42 orcs
  5 ball pythons
  5 bats
  3 bat skeletons (D:7)
  4 bat zombies (D:7)
  2 endoplasms
  2 giant cockroaches (D:1)
  6 goblins
  8 hobgoblins
  7 jackals
  24 kobolds
  A quokka (D:1)
  3 frilled lizards
  6 gnoll skeletons (Ossuary)
  A goblin skeleton (D:8)
  3 hobgoblin zombies (D:8)
  5 kobold skeletons
  A kobold zombie (D:8)
  15 orc skeletons (Ossuary)
  An orc zombie (D:8)
  4 rats
356 creatures vanquished.

Vanquished Creatures (others)
  An orc wizard (D:9)
  An orc (D:6)
  332 foxfires
  7 starspawn tentacles (Abyss:2)
341 creatures vanquished.

Grand Total: 697 creatures vanquished

Notes
Turn   | Place    | Note
-------+----------+-------------------------------------------
     0 | D:1      | Chodeload the Demigod Wanderer began the quest for the Orb.
     0 | D:1      | Chodeload set off with the following items: a +0 dagger, a
                  | potion of berserk rage, a +0 robe, a +0 pair of boots; and
                  | the following spells available to memorise: Shock, Foxfire,
                  | Poisonous Vapours, Ignite Poison, Summon Lightning Spire.
     0 | D:1      | Reached XP level 1. HP: 16/16 MP: 4/4
    98 | D:1      | Learned a level 1 spell: Foxfire
   134 | D:1      | Learned a level 1 spell: Shock
   376 | D:1      | Reached XP level 2. HP: 23/23 MP: 1/6
   574 | D:1      | Reached skill level 1 in Conjurations
   828 | D:1      | Reached XP level 3. HP: 28/28 MP: 1/8
  1483 | D:2      | Reached XP level 4. HP: 10/35 MP: 3/9
  1941 | D:2      | Learned a level 4 spell: Iskenderun's Mystic Blast
  2595 | D:3      | Identified the +1 leather armour of Hepliaklqana's Fury
                  | {rN++}
  2821 | D:4      | Reached XP level 5. HP: 32/40 MP: 9/12
  2920 | D:4      | Noticed an ogre
  2980 | D:4      | Killed an ogre
  2981 | D:4      | Reached skill level 1 in Translocations
  2981 | D:4      | Reached XP level 6. HP: 47/47 MP: 9/13
  3529 | D:5      | Entered Level 5 of the Dungeon
  3950 | D:4      | Learned a level 3 spell: Volatile Blastmotes
  4257 | D:5      | Reached XP level 7. HP: 38/52 MP: 8/14
  4418 | D:5      | Paralysed by an orc for 4 turns
  4980 | D:6      | Noticed a steam dragon
  5083 | D:6      | Reached skill level 5 in Conjurations
  5392 | D:6      | Noticed a steam dragon
  5428 | D:6      | Killed a steam dragon
  5429 | D:6      | Reached XP level 8. HP: 30/62 MP: 9/15
  5585 | D:6      | Reached skill level 5 in Translocations
  6218 | D:6      | Found a staircase to the Ecumenical Temple.
  6229 | Temple   | Entered the Ecumenical Temple
  6409 | D:7      | Found Cheibriados's Comfort Zone.
  6783 | D:8      | Found a sand-covered staircase.
  6801 | Ossuary  | Entered an ossuary
  6811 | Ossuary  | Reached XP level 9. HP: 69/69 MP: 16/16
  7355 | D:8      | Reached skill level 1 in Ice Magic
  7573 | D:8      | Learned a level 5 spell: Freezing Cloud
  7626 | D:8      | Noticed Pikel
  7652 | D:8      | Killed Pikel
  7899 | D:8      | Found a staircase to the Lair.
  7999 | D:8      | Reached XP level 10. HP: 77/77 MP: 8/17
  8030 | D:8      | Noticed Prince Ribbit
  8036 | D:8      | Killed Prince Ribbit
  8037 | D:8      | Reached skill level 5 in Fire Magic
  8037 | D:8      | Reached skill level 5 in Ice Magic
  8137 | D:8      | Noticed Psyche
  8141 | D:8      | Killed Psyche
  8142 | D:8      | Reached skill level 5 in Air Magic
  8201 | D:8      | Found a runed translucent gate.
  8201 | D:8      | Noticed a cyan ugly thing
  8202 | D:8      | Found a runed translucent gate.
  8204 | D:8      | Noticed a red ugly thing
  8205 | D:8      | Noticed a glowing orange brain
  8210 | D:8      | Found a runed translucent gate.
  8212 | D:8      | Noticed a cyan ugly thing
  9315 | D:9      | Noticed a deep elf zephyrmancer
  9324 | D:9      | Killed a deep elf zephyrmancer
  9384 | D:9      | Noticed a deep elf pyromancer
  9388 | D:9      | Killed a deep elf pyromancer
  9503 | D:10     | Entered Level 10 of the Dungeon
 10032 | D:10     | Found a large runed translucent door.
 10032 | D:10     | Found a large runed translucent door.
 10386 | D:10     | Reached skill level 5 in Spellcasting
 10386 | D:10     | Reached skill level 10 in Conjurations
 10386 | D:10     | Reached XP level 11. HP: 73/82 MP: 15/22
 10451 | Lair:1   | Entered Level 1 of the Lair of Beasts
 10551 | Lair:1   | Reached skill level 1 in Armour
 10973 | Lair:1   | Reached skill level 5 in Fighting
 11257 | Lair:2   | Noticed a skyshark
 11267 | Lair:2   | Killed a skyshark
 11436 | Lair:3   | Noticed Amaemon
 11452 | Lair:3   | Noticed a skyshark
 11673 | Lair:2   | Found a staircase to the Snake Pit.
 11983 | Lair:3   | Killed Amaemon
 12067 | Lair:3   | Reached XP level 12. HP: 87/100 MP: 19/25
 12141 | Lair:3   | Noticed a four-headed hydra
 12152 | Lair:3   | Killed a four-headed hydra
 12326 | Lair:3   | Noticed a five-headed hydra
 12334 | Lair:3   | Killed a five-headed hydra
 12472 | Lair:3   | Reached skill level 10 in Fighting
 12547 | Lair:3   | Noticed a catoblepas
 12559 | Lair:3   | Killed a catoblepas
 12675 | Lair:4   | Noticed a five-headed hydra
 12684 | Lair:4   | Killed a five-headed hydra
 12756 | Lair:4   | Found a dark tunnel.
 12796 | Volcano  | Entered a volcano
 12810 | Abyss:2  | Cast into level 2 of the Abyss (a wizard)
 12828 | Abyss:2  | Noticed an ancient lich
 13201 | Abyss:2  | Learned a level 5 spell: Irradiate
 13214 | Abyss:2  | Noticed a white very ugly thing
 13252 | Abyss:2  | Noticed a bone dragon
 13545 | Abyss:2  | Noticed a tentacled starspawn
 13613 | Abyss:2  | Noticed a starcursed mass
 13626 | Abyss:2  | Noticed a purple very ugly thing
 13629 | Abyss:2  | Noticed a purple very ugly thing
 13636 | Abyss:2  | Mangled by a small abomination

Illustrated notes

Levels and vault maps discovered:
D:1:      evilmike_arrival_rings, layout_basic,
          chequers_ecumenical_altar_simple_redux, serial_rivers,
          chequers_serial_rivers_micro_d, chequers_serial_rivers_micro_d,
          chequers_serial_rivers_micro_b, chequers_serial_rivers_small_b,
          chequers_serial_rivers_micro_c, chequers_serial_rivers_small_a,
          kennysheep_small_spiral, hangedman_decor_lopped,
          hangedman_decor_riveting
D:2:      layout_basic, serial_park_tiny_1, serial_bayou_pond_d
D:3:      layout_basic, nicolae_overflow_ecumenical_swirl
D:4:      layout_layer_cave, led_sif_book
D:5:      layout_loops_ring, kennysheep_mini_moat
D:6:      layout_rooms, minmay_temple_entry_grid, grunt_ministairs_4
D:7:      layout_loops_cross, kennysheep_vampire_church, minmay_shop_chei,
          fountainhead
D:8:      layout_cave_pods, nicolae_tso_besieged_by_evil,
          nicolae_uskayaw_suspiria, chequers_temple_overflow_minitemple,
          riverfiend_overflow_shadow_ancestor, minmay_lair_entry_grove,
          ploomutoo_gammafunk_ghost_potion_laboratory,
          nicolae_ossuary_entry_monument, chequers_decorated_corner,
          uniq_prince_ribbit1, uniq_pikel, uniq_psyche
D:9:      layout_basic, corexii_checkpoint_b, hangedman_minor_magic
D:10:     layout_basic, mainiacjoe_overflow_surrounded_room,
          jmf_multi_god_temple2
Temple:   nicolae_temple_ecumenical_triangle
Lair:1:   layout_roguey, grunt_megastairs_1
Lair:2:   layout_chaotic_city, nicolae_snake_entry_warm_welcome,
          mumra_transporter_accident, nicolae_lair_lil_pond, grunt_megastairs_3
Lair:3:   layout_gridlike, nicolae_swamp_entry_splash_gauntlet,
          chequers_serial_rivers_micro_a, minivault_19, roderic_carrion_pond,
          serial_bayou_shore_a, uniq_amaemon
Lair:4:   layout_small_grid, nicolae_volcano_entry_vermiform,
          portal_ice_cave_entry_pillars_2, chequers_serial_rivers_room_b, pond,
          lemuel_fruit_fields, infiniplex_staircase_pool_2
Abyss:2:  base: D:13, base: D:13, minivault_26, hangedman_illusive_loot
Volcano:  volcano_bunker

Skill      XL: |  1  2  3  4  5  6  7  8  9 10 11 12 |
---------------+-------------------------------------+-----
Air Magic      | 2 4 6 |  6.0
Conjurations   | 1 2 3 4 5 7 8 10 11 | 11.0
Spellcasting   | 2 3 5 6 |  6.0
Fire Magic     | 2 3 4 5 |  5.0
Translocations | 1 3 4 5 |  5.0
Fighting       | 2 3 7 11 | 11.1
Ice Magic      | 4 6 |  6.0
Armour         | 3 |  3.0
Dodging        | 3 |  3.0
Throwing       | |  1.0
Stealth        | |  1.7
Evocations     | |  1.0

Action                     |  1- 3 |  4- 6 |  7- 9 | 10-12 || total
---------------------------+-------+-------+-------+-------++-------
  Melee: Dagger            |    25 |    11 |       |       ||    36
         Flail             |       |    38 |    57 |     9 ||   104
         Punch             |       |       |     1 |     2 ||     3
         Staff             |       |       |       |    93 ||    93
  Throw: Stone             |     2 |       |       |       ||     2
         Dart              |       |       |     1 |       ||     1
         Boomerang         |       |       |       |     1 ||     1
   Cast: Foxfire           |    45 |    30 |    89 |    31 ||   195
         Shock             |     9 |    59 |    63 |     2 ||   133
         Volatile Blastmot |       |     2 |    50 |     4 ||    56
         Iskenderun's Myst |       |       |    27 |    57 ||    84
         Freezing Cloud    |       |       |     1 |   111 ||   112
  Evoke: Wand              |       |       |     3 |     1 ||     4
    Use: Scroll            |       |     4 |     9 |    13 ||    26
         Potion            |       |       |       |     2 ||     2
   Stab: Sleeping          |     2 |     2 |     1 |       ||     5
 Armour: Robe              |     5 |     6 |       |       ||    11
         Leather armour    |       |    22 |    66 |    65 ||   153
  Dodge: Dodged            |    17 |    40 |    98 |   104 ||   259
